 Dungeon Crawl Stone Soup version 0.18-a0-1211-g828307d (webtiles) character file.

4530 Wallaby3 the Basher (level 10, -9/144 HPs)
             Began as a Troll Berserker on Feb 2, 2016.
             Was a High Priest of Trog.
             Splashed by Joseph's acid (15 damage)
             ... on level 8 of the Dungeon.
             The game lasted 00:25:54 (7262 turns).

Wallaby3 the Basher (Troll Berserker)               Turns: 7262, Time: 00:25:56

Health: -9/144     AC:  1    Str: 35    XL:     10   Next: 17%
Magic:  9/9        EV: 12    Int:  3    God:    Trog [*****.]
Gold:   70         SH:  0    Dex: 11    Spells: 0 memorised, 9 levels left

rFire  . . .     SeeInvis .     b - +7 flail (crush)
rCold  . . .     Gourm    +     s - +2 robe {MR+}
rNeg   . . .     Faith    .     (no shield)
rPois  .         Spirit   .     (helmet restricted)
rElec  .         Dismiss  .     h - +1 cloak
rCorr  .         Reflect  .     (gloves unavailable)
SustAt +         Harm     .     (boots unavailable)
MR     +....                    (no amulet)
Stlth  ..........               F - +2 ring of dexterity
                                k - ring of sustain attributes

@: berserking, corroded equipment, very quick, somewhat resistant to hostile
enchantments, extremely unstealthy
A: unfitting armour, claws 3, fast metabolism 3, gourmand, regeneration 2,
shaggy fur 1, tough skin 2
a: Berserk, Trog's Hand, Brothers in Arms, Burn Spellbooks, Renounce Religion


You were on level 8 of the Dungeon.
You worshipped Trog.
Trog was extremely pleased with you.
You were completely stuffed.

You visited 1 branch of the dungeon, and saw 8 of its levels.

You collected 352 gold pieces.
You spent 282 gold pieces at shops.

Inventory:

Hand Weapons
 b - a +7 flail of crushing (weapon)
Missiles
 l - 3 steel javelins (quivered)
Armour
 h - a +1 cloak (worn)
 q - a +0 robe of fire resistance
 s - a +2 robe of magic resistance (worn)
Jewellery
 k - a ring of sustain attributes (left claw)
 F - a +2 ring of dexterity (right claw)
Wands
 E - a wand of flame (23/48)
Scrolls
 d - 5 scrolls of identify
 i - a scroll of noise {unknown}
 j - 3 scrolls of blinking
 m - 2 scrolls of teleportation {unknown}
 p - a scroll of fog {unknown}
 r - 3 scrolls of fear
 t - a scroll of random uselessness {unknown}
 w - 2 scrolls of remove curse {unknown}
 x - a scroll of magic mapping {unknown}
 y - 3 scrolls of recharging
Potions
 a - a potion of resistance
 n - 2 potions of lignification
 v - a potion of haste
 B - 2 potions of ambrosia
 C - a potion of berserk rage {unknown}
Books
 e - a book of Callings

   Spells                             Type                      Level
   a - Summon Small Mammal            Summoning                    1
   b - Call Imp                       Summoning                    2
   c - Call Canine Familiar           Summoning                    3
   d - Summon Guardian Golem          Hexes/Summoning              3
   e - Summon Lightning Spire         Summoning/Air                4
   f - Summon Ice Beast               Ice/Summoning                4
   Trog disapproves of the use of such an item.
 u - a book of Cantrips

   Spells                             Type                      Level
   a - Corona                         Hexes                        1
   b - Animate Skeleton               Necromancy                   1
   c - Summon Small Mammal            Summoning                    1
   d - Apportation                    Translocation                1
   Trog disapproves of the use of such an item.
 A - a book of Ice

   Spells                             Type                      Level
   a - Ice Form                       Ice/Transmutation            4
   b - Metabolic Englaciation         Hexes/Ice                    5
   c - Ozocubu's Refrigeration        Ice                          6
   d - Bolt of Cold                   Conjuration/Ice              6
   e - Freezing Cloud                 Conjuration/Ice/Air          6
   f - Simulacrum                     Ice/Necromancy               6
   Trog disapproves of the use of such an item.
Comestibles
 c - 7 bread rations
 f - 2 meat rations
 g - 5 beef jerkies
 o - 7 fruits
 z - 2 royal jellies
 D - 26 chunks of flesh


   Skills:
 - Level 5.4 Fighting
 * Level 11.5 Maces & Flails
 - Level 5.5 Dodging


You had 9 spell levels left.
You didn't know any spells.

Dungeon Overview and Level Annotations

Branches:
Dungeon (8/15)             Temple (0/1) D:7
   Lair: D:8-11

Altars:
Cheibriados
Elyvilon
Gozag
Nemelex Xobeh
Okawaru
Pakellas
Yredelemnul
Zin

Shops:
D:7 ?[

Annotations:
D:5 Prince Ribbit
D:8 Joseph


Innate Abilities, Weirdness & Mutations

You are too large for most types of armour.
You have claws for hands.
Your metabolism is lightning-fast.
You like to eat raw meat.
You heal very quickly.
You are covered in fur (AC +1).
You have very tough skin (AC +2).


Message History

Joseph, a Mercenary comes into view.
He is wielding a quarterstaff.
Joseph zaps a wand.
The bolt of acid misses you.
It is a wand of acid.
Found a scroll labeled POWUANL QEUMPA.
Joseph zaps a wand.
The bolt of acid misses you.
Joseph zaps a wand.
The bolt of acid hits you! The acid corrodes you!
The acid burns!
Joseph unwields an uncursed quarterstaff.
Joseph wields a hunting sling.
Joseph shoots a sling bullet.
The sling bullet hits you!
You see here a sling bullet.
Joseph zaps a wand.
The bolt of acid hits you!
The acid burns!
* * * LOW HITPOINT WARNING * * *
You see here a scroll labeled POWUANL QEUMPA.
A red film seems to cover your vision as you go berserk!
You feel yourself moving faster!
You feel mighty!
You feel somewhat less full.
Joseph says, "I'm here to kill trespassers.
I like my job."
Joseph zaps a wand.
The bolt of acid hits you!
* * * LOW HITPOINT WARNING * * *
The acid corrodes you!
The acid burns!
You die...

#.#####.# ##.....##.#
#)# #.# ##...8...###
####)# #.# #.........#.
#....# #.# #.⌠._._.⌠.##
#.#.###
#.##.#.........#
#.._..#
#.##.##...8...##
###.#.#
#.##..##.....###
#...####.##..####'###.#
##....(@@##.....#.##..#
##.#######.......##..##
#.# ##.......##.... #.#
####.............. #..
............###.#. #..
#>........### #.#. #..
(...###...# #.#. ##.
#.#.###...#####...
#.##.#............>..


You could see Joseph.

Vanquished Creatures
  The ghost of mopl the Geomancer, a novice DDEE of Makhleb (D:7)
  The ghost of unimpressed the Thaumaturge, a novice DEFE (D:5)
  Grinder (D:5)
  A two-headed ogre (D:8)
  Menkaure (D:5)
  Edmund (D:6)
  An orc warrior (D:6)
  A sky beast (D:8)
  An ice beast (D:7)
  Duvessa (D:6)
  3 black bears
  4 ogres
  A centaur (D:5)
  Blork the orc (D:4)
  3 giant frogs
  4 scorpions
  Dowan (D:6)
  A water moccasin skeleton (D:4)
  2 crimson imps
  8 orc priests
  A giant frog skeleton (D:5)
  4 jellies
  A centaur skeleton (D:6)
  3 hounds
  Natasha (thrice) (D:4)
  14 orc wizards
  Ijyb (D:3)
  3 worker ants
  2 hound skeletons
  17 gnolls
  9 adders
  A shadow imp (D:8)
  An ooze (D:7)
  An adder skeleton (D:7)
  2 worms
  3 giant geckos
  43 orcs
  6 giant cockroaches
  5 hobgoblins
  7 jackals
  9 kobolds
  A quokka (D:7)
  A ball python (D:1)
  11 bats
  2 giant gecko skeletons (D:6)
  8 giant newts
  8 goblins
  6 rats
211 creatures vanquished.

Notes
Turn   | Place    | Note
--------------------------------------------------------------
     0 | D:1      | Wallaby3 the Troll Berserker began the quest for the Orb.
     0 | D:1      | Reached XP level 1. HP: 22/22 MP: 0/0
   156 | D:1      | Reached skill level 3 in Maces & Flails
   205 | D:1      | Reached XP level 2. HP: 22/29 MP: 1/1
   804 | D:2      | Reached ** piety under Trog
   853 | D:2      | Reached XP level 3. HP: 32/36 MP: 2/2
   864 | D:2      | Found an opulent altar of Gozag.
  1481 | D:2      | Reached skill level 4 in Maces & Flails
  1481 | D:2      | Reached XP level 4. HP: 36/44 MP: 3/3
  1629 | D:3      | Found a glowing silver altar of Zin.
  1870 | D:3      | HP: 1/44 [orc/trident (4)]
  2141 | D:3      | Reached XP level 5. HP: 23/52 MP: 4/4
  2142 | D:3      | Reached *** piety under Trog
  2206 | D:3      | Noticed Ijyb
  2222 | D:3      | Killed Ijyb
  2656 | D:4      | Noticed Natasha
  2669 | D:4      | Killed Natasha
  2669 | D:4      | Reached skill level 5 in Maces & Flails
  2672 | D:4      | Reached XP level 6. HP: 48/61 MP: 5/5
  2685 | D:4      | Noticed Natasha
  2718 | D:4      | Killed Natasha
  2990 | D:4      | Noticed Blork the orc
  2996 | D:4      | Killed Blork the orc
  3174 | D:4      | Noticed Natasha
  3177 | D:4      | Killed Natasha
  3261 | D:4      | Reached XP level 7. HP: 64/67 MP: 6/6
  3308 | D:4      | Reached **** piety under Trog
  3377 | D:4      | Reached skill level 6 in Maces & Flails
  3596 | D:4      | Found an iron altar of Okawaru.
  3596 | D:4      | Found a white marble altar of Elyvilon.
  3765 | D:5      | Entered Level 5 of the Dungeon
  3886 | D:5      | Noticed unimpressed's ghost (novice DEFE)
  3899 | D:5      | Killed unimpressed's ghost
  3966 | D:5      | Noticed Grinder
  3979 | D:5      | Paralysed by Grinder for 3 turns
  3990 | D:5      | Killed Grinder
  3990 | D:5      | Reached skill level 7 in Maces & Flails
  3990 | D:5      | Reached XP level 8. HP: 38/79 MP: 7/7
  4191 | D:5      | Noticed Menkaure
  4197 | D:5      | Killed Menkaure
  4201 | D:5      | Received a gift from Trog
  4359 | D:5      | Noticed Prince Ribbit
  4971 | D:6      | Reached skill level 5 in Fighting
  4971 | D:6      | Reached skill level 5 in Dodging
  4981 | D:6      | Reached skill level 8 in Maces & Flails
  5311 | D:6      | Noticed Dowan
  5323 | D:6      | Noticed Duvessa
  5331 | D:6      | Killed Dowan
  5338 | D:6      | Killed Duvessa
  5391 | D:6      | Reached XP level 9. HP: 41/88 MP: 8/8
  5598 | D:6      | Noticed Edmund
  5604 | D:6      | Killed Edmund
  6040 | D:7      | Found Isiv's Armour Emporium.
  6149 | D:7      | Bought a +2 robe of magic resistance for 177 gold pieces
  6218 | D:7      | Reached skill level 9 in Maces & Flails
  6219 | D:7      | Noticed mopl's ghost (novice DDEE)
  6262 | D:7      | Killed mopl's ghost
  6262 | D:7      | Reached skill level 10 in Maces & Flails
  6454 | D:7      | Found a staircase to the Ecumenical Temple.
  6610 | D:7      | Found Pukhuext's Magic Scroll Shoppe.
  6613 | D:7      | Bought a scroll of enchant armour for 105 gold pieces
  6761 | D:8      | Reached ***** piety under Trog
  6761 | D:8      | Reached skill level 11 in Maces & Flails
  6777 | D:8      | Reached XP level 10. HP: 53/96 MP: 9/9
  6797 | D:8      | Found a sparkling altar of Nemelex Xobeh.
  6797 | D:8      | Found an opulent altar of Gozag.
  6895 | D:8      | Found a snail-covered altar of Cheibriados.
  6897 | D:8      | Found an oddly glowing altar of Pakellas.
  7234 | D:8      | Found a basalt altar of Yredelemnul.
  7257 | D:8      | Noticed Joseph
  7262 | D:8      | HP: 6/144 [Joseph/wand of acid (28)]
  7262 | D:8      | Splashed by Joseph's acid

Vault maps used:
D:1:      minmay_arrival_glassed_features
D:2:      grunt_gozag_breadcrumbs
D:3:      zin_academy, uniq_iyjb
D:4:      gammafunk_temple_overflow_elements, nrook_mini_backslash,
          uniq_natasha, uniq_blork_the_orc
D:5:      first_bread, uniq_grinder, uniq_prince_ribbit1, uniq_menkaure
D:6:      uniq_edmund, uniq_duvessa
D:7:      minmay_temple_entry_glassed_door, serial_shops, kennysheep_mini,
          kennysheep_little_box
D:8:      grunt_temple_overflow_opulence, lemuel_crystal_altar,
          nicolae_overflow_hidden_temple, uniq_joseph

Action                   |  1- 3 |  4- 6 |  7- 9 | 10-12 || total
-------------------------+-------+-------+-------+-------++-------
Melee: Mace              |   146 |    54 |       |       ||   200
       Morningstar       |       |    77 |       |       ||    77
       Flail             |       |    68 |   368 |    67 ||   503
Invok: Berserk           |       |     4 |     6 |     1 ||    11
  Use: Scroll            |     1 |       |     8 |     1 ||    10
       Potion            |       |     3 |     6 |       ||     9
 Stab: Sleeping          |       |     1 |       |       ||     1
  Eat: Chunk             |    19 |    22 |    39 |     5 ||    85
